 Dungeon Crawl Stone Soup version 0.29.1-1-gd02db6906a (webtiles) character file.

Game seed: 6956815582645429389

25 quakins the Cudgeller (level 3, 0/29 HPs)
             Began as a Formicid Abyssal Knight on Oct 20, 2022.
             Was a Priest of Lugonu.
             Slain by an endoplasm (2 damage)
             ... on level 1 of the Dungeon.
             The game lasted 00:01:04 (497 turns).

quakins the Cudgeller (Formicid Abyssal Knight)      Turns: 497, Time: 00:01:05

Health: 0/29       AC:  3    Str: 19    XL:     3   Next: 17%
Magic:  4/4        EV: 11    Int:  9    God:    Lugonu [***...]
Gold:   18         SH:  0    Dex: 14    Spells: 2/2 levels left

rFire   . . .      SeeInvis +   a - +1 mace
rCold   . . .      Faith    .   (no shield)
rNeg    . . .      Spirit   .   b - +0 leather armour
rPois   .          Reflect  .   (helmet unavailable)
rElec   .          Harm     .   (no cloak)
rCorr   .          Rampage  .   (no gloves)
Will    .....                   (no boots)
Stlth   +.........              (no amulet)
HPRegen 0.09/turn               (no ring)
MPRegen 0.09/turn               (no ring)

@: no status effects
A: permanent stasis, dig shafts and tunnels, antennae 3, four strong arms
a: Dig, Shaft Self, Renounce Religion, Depart the Abyss, Bend Space, Banish


You were on level 1 of the Dungeon.
You worshipped Lugonu.
Lugonu was most pleased with you.
You visited 1 branch of the dungeon, and saw 1 of its levels.
You visited the Abyss 1 time.

You collected 18 gold pieces.

Inventory:

Hand Weapons
 a - a +1 mace (weapon)
Armour
 b - a +0 leather armour (worn)
Potions
 c - a potion of flight {unknown}


   Skills:
 - Level 3.2 Fighting
 * Level 3.4 Maces & Flails
 - Level 2.1 Armour
 - Level 0.8 Dodging
 - Level 2.1 Invocations


You had 2 spell levels left.
You didn't know any spells.
Your spell library was empty.

Dungeon Overview and Level Annotations

Branches:
Dungeon (1/15)

Altars:


Innate Abilities, Weirdness & Mutations

You cannot be hasted, slowed, berserked, paralysed or teleported.
You can dig through walls and to a lower floor.
You have a pair of large antennae on your head. (SInv)
Your four strong arms can wield two-handed weapons with a shield.


Message History

You see here a +0 dagger.
A jackal comes into view.
A jackal is nearby!
A jackal is nearby!
An endoplasm comes into view.
A jackal comes into view.
The endoplasm quivers.
The jackal bites you but does no damage.
The jackal closely misses you.
You hit the jackal.
The jackal is heavily wounded.
The jackal closely misses you.
You hit the jackal.
You kill the jackal!
Lugonu accepts your kill. The jackal bites you.
The endoplasm barely misses you. The jackal bites you.
You closely miss the jackal. The jackal closely misses you.
The endoplasm freezes you.
You are frozen.
The jackal misses you.
You closely miss the jackal. The endoplasm closely misses you.
The jackal bites you but does no damage.
The endoplasm freezes you.
You are frozen.
The jackal bites you but does no damage.
You completely miss the jackal. The jackal bites you.
The endoplasm freezes you.
You are frozen.
* * * LOW HITPOINT WARNING * * *
You miss the jackal. The jackal bites you.
* * * LOW HITPOINT WARNING * * *
The jackal barely misses you. The endoplasm barely misses you.
The jackal attacks as you move away! The jackal bites you.
* * * LOW HITPOINT WARNING * * *
The jackal misses you.
You closely miss the jackal. The jackal closely misses you.
You hit the jackal.
The jackal is moderately wounded.
The jackal bites you.
* * * LOW HITPOINT WARNING * * *
The endoplasm hits you.
You die...

#. ######. ##..
#.##...... #...
.###......#.. #...
.#......#.....# #...
.............### ##...
...........#.##. ..#....
................
.......###.......####....
...#..h@................
......†J........###..##).
.####...#......##........
#.#.......###.#....#.
......#.)...##.#.##.##
#.....$..........#.##.##
...................##.##
#.⌠.....................
..._.........†.##.##.#.


You could see an endoplasm and a jackal.

Vanquished Creatures
  5 endoplasms (D:1)
  A giant cockroach (D:1)
  A goblin (D:1)
  4 jackals (D:1)
  2 kobolds (D:1)
  4 quokkas (D:1)
  2 frilled lizards (D:1)
  A rat (D:1)
20 creatures vanquished.

Notes
Turn   | Place    | Note
-------+----------+-------------------------------------------
     0 | Abyss:1  | quakins the Formicid Abyssal Knight began the quest for the
                  | Orb.
     0 | Abyss:1  | Reached XP level 1. HP: 18/18 MP: 2/2
     1 | D:1      | Escaped the Abyss
   162 | D:1      | Reached XP level 2. HP: 23/24 MP: 3/3
   359 | D:1      | Found a faded altar of an unknown god.
   427 | D:1      | Reached XP level 3. HP: 24/29 MP: 4/4
   428 | D:1      | Reached *** piety under Lugonu
   497 | D:1      | Slain by an endoplasm

Illustrated notes

Levels and vault maps discovered:
D:1:      minmay_arrival_up_and_down, layout_rooms,
          ebering_ecumenical_altar_abandoned

Skill      XL: |  1  2 |
---------------+-------+-----
Maces & Flails | 3 |  3.4
Fighting       | |  3.2
Armour         | |  2.1
Dodging        | |  0.8
Invocations    | |  2.1

Action                   || total
-------------------------++-------
Melee: Mace              ||    51
       Punch             ||     1
Armor: Leather armour    ||    14
Dodge: Dodged            ||    32
